 Dungeon Crawl Stone Soup version 0.32-a0-520-g344ed53f66 (webtiles) character file.

Game seed: 4439772966390993938

21 retardedninja the Shield-Bearer (level 2, 0/26 HPs)
             Began as a Mountain Dwarf Fighter on Feb 27, 2024.
             Slain by a gnoll
             ... wielding a +0 flail
              (2 damage)
             ... on level 2 of the Dungeon.
             The game lasted 00:01:12 (741 turns).

retardedninja the Shield-Bearer (MDFi)               Turns: 741, Time: 00:01:15

Health: 0/26       AC:  9    Str: 18    XL:     2   Next: 62%
Magic:  2/2        EV:  7    Int:  8    God:
Gold:   62         SH:  4    Dex:  9    Spells: 1/1 levels left

rFire   . . .        a - +0 war axe
rCold   . . .        c - +0 buckler
rNeg    . . .        k - +0 chain mail
rPois   .            (no helmet)
rElec   .            (no cloak)
rCorr   .            (no gloves)
SInv    .            (no boots)
Will    .....        (no amulet) Stlth
                     (no ring)
HPRegen 0.24/turn    (no ring)
MPRegen 0.08/turn

%: no passive effects
@: no status effects
A: runic magic, artefact enchanting
a: no special abilities


You were on level 2 of the Dungeon.
You visited 1 branch of the dungeon, and saw 2 of its levels.

You collected 62 gold pieces.

Inventory:

Hand Weapons
 a - a +0 war axe (weapon)
Armour
 c - a +0 buckler (worn)
 k - a +0 chain mail (worn)
Jewellery
 i - an amulet of magic regeneration
Scrolls
 e - a scroll of blinking {unknown}
 f - a scroll of poison {unknown}
 g - a scroll of amnesia {unknown}
 h - a scroll of identify
 j - 3 scrolls of torment
 m - a scroll of brand weapon {unknown}
Potions
 b - a potion of attraction {unknown}
 d - a potion of might
 l - 2 potions of degeneration {unknown}
 n - a potion of mutation {unknown}
 o - 2 potions of brilliance {unknown}


   Skills:
 + Level 3.6 Fighting
 + Level 2.9 Axes
 + Level 3.5 Armour
 + Level 3.6 Shields


You had one spell level left.
You didn't know any spells.
Your spell library contained the following spells:

 Spells                   Type           Power      Damage    Failure   Level
 Gell's Gravitas          Tloc           0%         N/A       96%         3
 Teleport Other           Tloc           0%         N/A       96%         3
 Dispersal                Tloc           0%         N/A       100%        6
 Malign Gateway           Summ/Tloc      0%         N/A       100%        7
 Summon Horrible Things   Summ           0%         N/A       100%        8


Dungeon Overview and Level Annotations

Branches:
Dungeon (2/15)

Altars:


Innate Abilities, Weirdness & Mutations

Your spellcasting is much less encumbered by armour.
You can use scrolls of enchantment on lesser artefacts.


Message History

No target in view!
No target in view!
No target in view!
No target in view!
No target in view!
No target in view!
No target in view!
No target in view!
No target in view!
A goblin comes into view. It is wielding a +0 club.
Found 4 stones.
A goblin is nearby!
A goblin is nearby!
A goblin is nearby!
Found a stone staircase leading down.
A gnoll comes into view. It is wielding a +0 flail.
Found a scroll labelled VOUGUM IWIC.
The gnoll shouts!
A gnoll comes into view. It is wielding a +0 spear.
A gnoll comes into view.
It is wielding a +0 halberd of freezing.
You block the goblin's attack.
You slash the goblin!
You kill the goblin!
You barely miss the gnoll. The gnoll closely misses you.
The gnoll hits you from afar with a +0 spear.
The gnoll hits you from afar with a +0 halberd of freezing!
The gnoll freezes you. The gnoll hits you but does no damage.
The gnoll hits you with a +0 flail!
* * * LOW HITPOINT WARNING * * *
You block the gnoll's attack.
Unknown command.
As you read the scroll labelled BICOHITAAGG, it crumbles to dust.
It is a scroll of identify.
j - 3 scrolls of torment The gnoll hits you from afar with a +0 halberd of freezing.
* * * LOW HITPOINT WARNING * * *
The gnoll freezes you.
* * * LOW HITPOINT WARNING * * *
The gnoll hits you with a +0 flail.
You die...

............###
.......[.......
...>........$####.
.................
...............### ##.
#....g....#......##...
#....g....#....# ...#
#.....g@.......##.#.#
#......).....†.....?##
#.........#..........#
...........".........#
..?.(....##....†.....#
###.....###$.........#
####### #..........#
#..........#
#..........#


You could see 3 gnolls.

Vanquished Creatures
  A dart slug (D:1)
  2 endoplasms (D:1)
  4 goblins
  A hobgoblin (D:1)
  A quokka (D:1)
  2 ball pythons
  2 bats
  A frilled lizard (D:1)
  A kobold (D:1)
  2 rats (D:1)
17 creatures vanquished.

Notes
Turn   | Place    | Note
-------+----------+-------------------------------------------
     0 | D:1      | retardedninja the Mountain Dwarf Fighter began the quest
                  | for the Orb.
     0 | D:1      | Reached XP level 1. HP: 19/19 MP: 1/1
   179 | D:1      | Reached XP level 2. HP: 26/26 MP: 2/2
   741 | D:2      | Slain by a gnoll

Illustrated notes

Levels and vault maps discovered:
D:1:      lemuel_arrival_muddy, layout_basic, nicolae_the_louvre
D:2:      minmay_alternating_diamond, layout_rooms, serial_shops,
          nicolae_shop_behind_doors

Action                     || total
---------------------------++-------
  Melee: War axe           ||    55
    Use: Scroll            ||     1
 Armour: Scale mail        ||     9
         Chain mail        ||    46
  Dodge: Dodged            ||    27
  Block: Buckler           ||    18

Table legend: (Time is in decaauts)
 A = Elapsed time spent in this place.
 B = Non-inter-level travel time spent in this place.
 C = Inter-level travel time spent in this place.
 D = Time resting spent in this place.
 E = Time spent auto-exploring this place.
 F = Levels seen in this place.
 G = Mean time per level.
                   A        B        C        D        E       F      G
               +--------+--------+--------+--------+--------+-----+--------+
         Total |    766 |    708 |     58 |      0 |    534 |   2 |  383.0 |
       Dungeon |    766 |    708 |     58 |      0 |    534 |   2 |  383.0 |
               +--------+--------+--------+--------+--------+-----+--------+

Top non-repeatable levels by time:
     D:1: 720 daAuts
     D:2: 46 daAuts
